 Dungeon Crawl Stone Soup version 0.31.0-11-ge490571c62 (webtiles) character file.

Game seed: 1058005549420478612

130184 croobank the Dealer of Despair (level 16, -9/85 HPs)
             Began as a Felid Summoner on Jan 26, 2024.
             Was an Elder of Kikubaaqudgha.
             Shot with a bolt by a naga sharpshooter (33 damage)
             ... on level 3 of the Snake Pit.
             The game lasted 02:41:33 (35903 turns).

croobank the Dealer of Despair (Felid Summoner)    Turns: 35903, Time: 02:41:33

Health: -9/85      AC:  3    Str: 16    XL:     16   Next: 52%
Magic:  26/33      EV: 24    Int: 26    God:    Kikubaaqudgha [****..]
Gold:   1188       SH:  0    Dex: 18    Spells: 11/39 levels left
                                        Lives:  0   Deaths: 5

rFire   . . .        (weapon unavailable)
rCold   . . .        (shield unavailable)
rNeg    + . .        (body armour unavailable)
rPois   +            (helmet unavailable)
rElec   .            (cloak unavailable)
rCorr   .            (gloves unavailable)
SInv    +            (boots unavailable)
Will    ++...        m - amulet "Janust" {RegenMP rPois rC- rN+ Str+6}
Stlth   +++++        x - ring of wizardry
HPRegen 0.34/turn    L - +6 ring of intelligence
MPRegen 0.63/turn

%: wizardry (x1)
@: marked
A: very small, claws 1, fangs 3, see invisible, shaggy fur 3, stealthy paws, no
weapons or thrown items, no armour, multi-lived, dopey 1, strong 1, wild magic 1
a: Renounce Religion, Unearth Wretches


You were on level 3 of the Snake Pit.
You worshipped Kikubaaqudgha.
Kikubaaqudgha was greatly pleased with you.
You visited 4 branches of the dungeon, and saw 25 of its levels.
You also visited: Sewer.

You collected 2333 gold pieces.
You spent 1145 gold pieces at shops.

Inventory:

Jewellery
 h - a ring of protection from fire
 m - the amulet "Janust" (around neck) {RegenMP rPois rC- rN+ Str+6}
   (You acquired it on level 11 of the Dungeon)

   [amulet of magic regeneration]

   RegenMP:   It increases your rate of magic regeneration.
   Str+6:     It affects your strength (+6).
   rC-:       It makes you vulnerable to cold.
   rPois:     It protects you from poison rN+: It protects you from negative
   energy.
 p - a ring of ice
 q - an amulet of the acrobat
 w - a ring of flight
 x - a ring of wizardry (left paw)
 y - a +6 ring of strength
 z - an amulet of guardian spirit
 C - a ring of wizardry
 D - a +6 ring of strength
 E - an amulet of regeneration
 I - a ring of poison resistance
 L - a +6 ring of intelligence (right paw)
 Q - the ring of the Scarab {Will++ rCorr Dex+2}
   (You found it on level 1 of the Snake Pit)

   [ring of resist corrosion]

   Dex+2:     It affects your dexterity (+2).
   Will++:    It greatly increases your willpower.
   rCorr:     It protects you from acid and corrosion.
Talismans
 f - a flux talisman
Wands
 d - a wand of paralysis (18)
 e - a wand of flame (3)
 j - a wand of roots (35)
 r - a wand of digging (8)
 B - a wand of mindburst (4)
 K - a wand of polymorph (6)
 M - a wand of light (4)
Scrolls
 c - a scroll of acquirement
 g - 4 scrolls of fog
 k - 4 scrolls of noise
 l - 3 scrolls of poison
 o - a scroll of vulnerability
 s - 5 scrolls of teleportation
 u - 7 scrolls of revelation
 H - 5 scrolls of amnesia
 J - 6 scrolls of identify
 O - a scroll of immolation
 P - a scroll of fear
Potions
 a - a potion of magic
 b - 5 potions of attraction
 i - 8 potions of haste
 n - 2 potions of enlightenment
 t - 5 potions of lignification
 A - 2 potions of brilliance
 F - 2 potions of ambrosia
 N - 3 potions of might
Miscellaneous
 v - a sack of spiders
 G - a phial of floods


   Skills:
 - Level 10.0 Fighting
 - Level 10.0 Dodging
 - Level 10.0 Stealth
 - Level 12.0 Spellcasting
 - Level 10.0 Summonings
 * Level 20.1 Necromancy
 - Level 5.0 Fire Magic
 - Level 7.0 Air Magic


You had 11 spell levels left.
You knew the following spells:

 Your Spells              Type           Power      Damage    Failure   Level
a - Summon Small Mammal   Summ           100%       N/A       1%          1
b - Call Imp              Summ           100%       N/A       1%          2
c - Call Canine Familiar  Summ           73%        N/A       1%          3
d - Summon Blazeheart Go  Fire/Summ      63%        N/A       1%          4
e - Summon Lightning Spi  Summ/Air       67%        N/A       1%          4
A - Animate Dead          Necr           100%       N/A       1%          4
D - Death Channel         Necr           51%        N/A       1%          6
N - Anguish               Hex/Necr       36%        N/A       1%          4

Your spell library contained the following spells:

 Spells                   Type           Power      Damage    Failure   Level
 Foxfire                  Conj/Fire      100%       2x1d9     1%          1
 Necrotise                Necr           100%       1d9       1%          1
 Cigotuvi's Dreadful Rot  Necr/Alch/Air  100%       N/A       1%          2
 Sublimation of Blood     Necr           100%       N/A       1%          2
 Summon Ice Beast         Ice/Summ       52%        N/A       1%          3
 Borgnjor's Vile Clutch   Necr/Erth      36%        N/A       1%          5
 Curse of Agony           Necr           100%       N/A       1%          5
 Sandblast                Erth           40%        2d10      2%          1
 Lesser Beckoning         Tloc           40%        N/A       3%          2
 Frozen Ramparts          Ice            40%        1d7       6%          3
 Gell's Gravitas          Tloc           20%        N/A       6%          3
 Hailstorm                Conj/Ice       20%        3d7       6%          3
 Passwall                 Erth           20%        N/A       6%          3
 Stone Arrow              Conj/Erth      40%        3d9       6%          3
 Teleport Other           Tloc           20%        N/A       6%          3
 Tukima's Dance           Hex            20%        N/A       6%          3
 Brom's Barrelling Bould  Conj/Erth      20%        2d4       21%         4
 Leda's Liquefaction      Alch/Erth      10%        N/A       21%         4
 Petrify                  Alch/Erth      20%        N/A       21%         4
 Freezing Cloud           Conj/Ice/Air   18%        6-21      21%         5
 Plasma Beam              Fire/Air       28%        2x1d41    24%         6
 Metabolic Englaciation   Hex/Ice        10%        N/A       45%         5
 Starburst                Conj/Fire      18%        6d7       65%         6
 Sculpt Simulacrum        Ice/Alch       10%        N/A       92%         6


Dungeon Overview and Level Annotations

Branches:
Dungeon (15/15)            Temple (0/1) D:7            Lair (5/5) D:8
 Shoals (0/4) Lair:2        Snake (3/4) Lair:2        Slime (0/5) Lair:5
    Orc (2/2) D:10            Elf (0/3) Orc:2        Vaults (0/5) D:13
 Depths (0/4) D:15          Sewer (visited)

Altars:
Cheibriados
Dithmenos
Fedhas
Gozag
Kikubaaqudgha
Makhleb
Nemelex Xobeh
Okawaru
Qazlal
Trog
Wu Jian
Jiyva

Shops:
D:5 *   D:9 !*(   Orc:2 =**([[

Annotations:
D:12 3 runed translucent doors, ggggg's ghost, journeyman MiFi
D:13 exclusion: downstairs
D:14 1 runed translucent door


Innate Abilities, Weirdness & Mutations

You have sharp claws.
You have razor-sharp teeth.
You have supernaturally acute eyesight. (SInv)
Your thick and shaggy fur keeps you warm. (AC +3, rC+)
Your paws help you pounce on unaware monsters.
You are incapable of wielding weapons or throwing items.
You cannot wear armour.
You gain extra lives every three experience levels.
You are dopey. (Int -2)
Your muscles are strong. (Str +4, Int/Dex -1)
Your spells are a little harder to cast, but a little more powerful.


Message History

What are your orders? t - Meow!
Orders for allies: a - Attack new target. r - Retreat! s - Stop attacking. g - Guard the area. f - Follow me.
Anything else - Cancel.
Gang up on whom?
Press: ? - help, Dir - move target, f - naga
Aim: a naga, wielding a +0 hand axe (ally target) Attack!
You feel sick.
You are no longer poisoned.
The naga hits your black mamba zombie with a +0 hand axe!
The naga hits your naga sharpshooter zombie with a +0 hand axe!
The naga closely misses your black mamba zombie.
Your black mamba zombie bites the naga.
Casting: Anguish (mildly dangerous; 1% risk of failure)
Confirm with . or Enter, or press ? or * to list all spells.
Casting: Anguish (mildly dangerous; 1% risk of failure)
Press: ? - help, Dir - look around, f - activate The naga sharpshooter resists with some effort.
The naga is haunted by guilt!
Your black mamba zombie bites the naga!
The naga hits your naga sharpshooter zombie with a +0 hand axe!
The naga barely misses your black mamba zombie.
The naga is wracked by anguish!
The naga grabs your naga sharpshooter zombie.
The naga constricts your naga sharpshooter zombie.
The naga is wracked by anguish.
Your naga sharpshooter zombie closely misses the naga.
Your naga sharpshooter zombie barely misses the naga.
Your black mamba zombie bites the naga.
Casting: Anguish (mildly dangerous; 1% risk of failure)
Confirm with . or Enter, or press ? or * to list all spells.
Casting: Anguish (mildly dangerous; 1% risk of failure)
Press: ? - help, Dir - look around, f - activate The naga sharpshooter resists with almost no effort.
The naga sharpshooter mumbles some strange words.
The naga sharpshooter magically shoots a bolt.
The bolt hits you!!
You die...
Kikubaaqudgha rasps: "You have failed me!
Welcome... death!"

..................[.#
....................#
.N..........<.......#
.......N.).........##
.......#N####..Z...#
.......#ZZZ.##Z....##
.......##ZZ..#......#
....... #...ZZ......#
.......
#..@##.......#
.......
#...#.......##
....... #####......##
..$.....# .........#
...######## .##


You could see a naga sharpshooter, a naga (ally target, anguished), 2 friendly
black mamba zombies, 3 friendly naga mage zombies, a friendly naga ritualist
zombie and a friendly naga sharpshooter zombie.

Vanquished Creatures
  An orc warlord (Orc:2)
  Snorg (D:13)
  An ettin (D:15)
  2 hydras (D:14)
  2 vault guards (D:13)
  2 boulder beetles
  An anaconda (Snake:2)
  5 two-headed ogres
  3 centaur warriors
  A naga warrior (Snake:2)
  An occultist (D:15)
  A naga sharpshooter (Snake:2)
  A soul eater (D:13)
  A skyshark (Lair:5)
  A sixfirhy (D:13)
  2 naga ritualists
  Pikel (D:4)
  3 orc knights (Orc:2)
  2 orc sorcerers (Orc:2)
  An ugly thing (D:11)
  A cyclops (D:11)
  2 manticores
  An elephant (Lair:5)
  Maurice (D:9)
  5 black mambas
  A centaur zombie (D:13)
  3 cane toads
  A rime drake (Lair:5)
  A komodo dragon (Lair:5)
  A yaktaur (D:13)
  A tengu conjurer (D:15)
  7 trolls
  A jumping spider (shapeshifter) (D:14)
  4 slime creatures (D:12)
  A water elemental (D:11)
  2 shadows
  A wraith (D:12)
  21 yaks
  2 wyverns
  2 wargs (Orc:2)
  A human (shapeshifter) (D:14)
  2 basilisks
  A vampire mosquito (D:15)
  A naga (Snake:3)
  A naga (shapeshifter) (D:12)
  6 water moccasins
  13 orc warriors
  2 ogres
  A boggart (Lair:5)
  5 wolves
  2 centaurs
  A nameless horror (D:4)
  A kobold brigand (D:8)
  3 gnoll sergeants
  3 bullfrogs
  2 wights (D:8)
  A tengu zombie (D:15)
  14 killer bees
  2 yak zombies (Lair:1)
  8 electric eels
  A jelly (D:5)
  3 human zombies (D:13)
  6 orc priests
  7 orc wizards
  A sleepcap (D:5)
  An ogre zombie (Orc:1)
  2 gnolls
  An adder (Sewer)
  9 orc zombies
  2 ufetubi
  5 orcs
  2 ball pythons
  2 endoplasms
  2 giant cockroaches (D:3)
  A goblin (D:2)
  4 hobgoblins
  2 jackals (D:4)
  4 quokkas
  A bat (D:2)
  A frilled lizard (D:1)
  10 kobolds
  2 rats
231 creatures vanquished.

Vanquished Creatures (collateral kills)
  Asterion (Snake:2)
  Kirke (D:14)
  3 nagarajas (Snake:2)
  An orc warlord (Orc:1)
  Josephine (Orc:1)
  A great orb of eyes (D:15)
  A fire dragon (D:14)
  7 anacondas
  2 salamander tyrants
  A hydra (Lair:4)
  A two-headed ogre (D:10)
  2 boulder beetles
  5 naga warriors
  An orc high priest (Orc:2)
  2 skeletal warriors (D:14)
  A sixfirhy (D:13)
  2 mana vipers
  2 necromancers
  3 orc sorcerers
  A deep elf pyromancer (D:12)
  2 ugly things (D:14)
  A manticore (D:13)
  7 salamanders
  2 guardian serpents
  A rust devil (D:13)
  12 black mambas
  2 orange demons (D:13)
  4 naga magi
  3 cane toads
  An unseen horror (D:10)
  6 komodo dragons
  A freezing wraith (D:14)
  3 polar bears (Lair:5)
  3 hornets (Lair:5)
  5 blink frogs (Lair:4)
  13 dream sheep
  12 slime creatures
  3 wyverns
  9 spriggans (Lair:5)
  2 water elementals
  4 wraiths
  Eustachio (D:5)
  12 humans (D:13)
  28 yaks
  3 hogs (D:14)
  2 basilisks
  A yak (shapeshifter) (D:14)
  2 neqoxecs (D:13)
  3 vampire mosquitoes (D:15)
  Menkaure (D:7)
  3 chaos spawn (D:13)
  14 nagas
  12 water moccasins
  2 sky beasts
  An ice beast (D:8)
  11 orc warriors
  6 black bears
  3 centaurs
  3 boggarts (Lair:5)
  26 wolves
  5 ogres
  A phantom (D:5)
  2 kobold brigands
  8 bullfrogs
  2 gnoll sergeants
  2 scorpions
  3 wights (D:8)
  9 killer bees
  4 bombardier beetles
  5 howler monkeys
  2 electric eels (Lair:2)
  3 hounds
  2 jellies
  A gnoll bouda (D:8)
  9 orc priests
  A sleepcap (D:5)
  An iguana (D:8)
  20 orc wizards
  A hell rat (Lair:3)
  Robin (D:3)
  13 adders
  19 gnolls
  12 river rats
  3 white imps
  An ufetubus (D:5)
  2 dart slugs
  A ribbon worm (D:6)
  52 orcs
  5 endoplasms
  5 giant cockroaches
  10 goblins
  8 hobgoblins
  3 jackals (D:4)
  2 quokkas
  11 ball pythons
  5 bats
  4 frilled lizards
  23 kobolds
  24 rats
554 creatures vanquished.

Vanquished Creatures (others)
  Jorgrun (D:14)
  Frances (Snake:2)
  An orc warlord (Orc:2)
  2 vault guards (D:13)
  2 centaur warriors
  A catoblepas (Lair:2)
  A death yak (Lair:5)
  2 naga warriors
  A boulder beetle (Lair:4)
  2 tengu warriors (D:15)
  Urug (Lair:3)
  8 shock serpents
  5 naga sharpshooters
  A skyshark (Lair:5)
  A salamander mystic (Snake:3)
  2 sun demons (D:13)
  A skeletal warrior (D:14)
  4 anaconda zombies
  An arcanist (D:13)
  4 naga ritualists
  A lindwurm (Lair:5)
  3 orc knights
  An ugly thing zombie (D:14)
  A deep elf pyromancer (D:15)
  2 manticores
  An ugly thing (D:14)
  6 salamanders
  3 orc sorcerers
  2 guardian serpents
  A shock serpent zombie (Snake:2)
  3 cane toads
  5 naga magi
  A rust devil (D:13)
  A kobold blastminer (Orc:1)
  A centaur zombie (D:13)
  15 black mambas
  A tengu conjurer (D:15)
  A komodo dragon (Lair:5)
  2 trolls (Orc:2)
  A hellwing (D:12)
  A polar bear (Lair:5)
  A dream sheep (Lair:5)
  2 guardian serpent zombies (Snake:2)
  2 hornets (Lair:5)
  A slime creature (D:14)
  4 spriggans (Lair:5)
  6 yaks
  17 black mamba zombies
  A wraith (Orc:1)
  A hog (D:14)
  A neqoxec (D:13)
  3 humans (D:13)
  3 wargs (Orc:1)
  12 nagas
  A water moccasin (Lair:4)
  2 skyshark zombies (Lair:5)
  A cane toad zombie (Lair:5)
  24 orc warriors
  2 manticore zombies
  An elf zombie (D:15)
  A black bear (Lair:5)
  5 dream sheep zombies
  An elephant zombie (Lair:5)
  3 ogres (Orc:2)
  A boggart (D:14)
  11 wolves
  2 centaurs (D:13)
  2 blink frog zombies (Lair:4)
  A rime drake zombie (Lair:5)
  A yaktaur zombie (D:13)
  A komodo dragon zombie (Lair:5)
  2 salamander zombies
  2 bullfrogs
  2 warg zombies (Orc:1)
  A wyvern zombie (Lair:5)
  5 water moccasin zombies
  A polar bear zombie (Lair:5)
  9 yak zombies
  A tengu zombie (D:15)
  2 troll zombies (Orc:2)
  A spriggan zombie (Lair:5)
  7 wolf zombies
  4 bullfrog zombies
  7 human zombies (D:13)
  5 orc priests
  3 black bear zombies (Lair:5)
  A hell rat (Lair:3)
  4 orc wizards
  An ogre zombie (Orc:2)
  19 naga zombies
  27 orc zombies
  2 river rats (Lair:3)
  6 orcs
  An endoplasm (D:14)
  A hobgoblin (D:14)
  A jackal (D:14)
  A ball python zombie (D:14)
  2 endoplasm zombies (D:14)
  A jackal zombie (D:14)
  99 blazeheart cores
427 creatures vanquished.

Grand Total: 1212 creatures vanquished

Notes
Turn   | Place    | Note
-------+----------+-------------------------------------------
     0 | D:1      | croobank the Felid Summoner began the quest for the Orb.
     0 | D:1      | Reached XP level 1. HP: 9/9 MP: 4/4
   300 | D:1      | Reached XP level 2. HP: 13/13 MP: 6/6
   303 | D:1      | Learned a level 2 spell: Call Imp
  1755 | D:2      | Reached XP level 3. HP: 16/16 MP: 3/7
  1792 | D:2      | Learned a level 3 spell: Call Canine Familiar
  2350 | D:2      | Reached XP level 4. HP: 21/21 MP: 2/8
  2350 | D:2      | Gained a life (2 lives remaining)
  2808 | D:3      | Noticed Robin
  2863 | D:3      | Killed Robin
  2959 | D:3      | Found a shadowy altar of Dithmenos.
  3046 | D:3      | Got Jusit's Catalogue of the Shocking Curse
  3633 | D:4      | Found the +3 pair of gauntlets of War {Slay+5}
  3781 | D:4      | Reached XP level 5. HP: 25/25 MP: 3/10
  4067 | D:4      | Reached skill level 1 in Fighting
  4230 | D:4      | Found a snail-covered altar of Cheibriados.
  4230 | D:4      | Found an ancient bone altar of Kikubaaqudgha.
  4236 | D:4      | Found an ornate altar of the Wu Jian Council.
  4238 | D:4      | Became a worshipper of Kikubaaqudgha
  4242 | D:4      | Found a faded altar of an unknown god.
  4244 | D:4      | Found a burning altar of Makhleb.
  4495 | D:4      | Learned a level 4 spell: Summon Blazeheart Golem
  4579 | D:5      | Entered Level 5 of the Dungeon
  4579 | D:5      | Found Etowobef's Assorted Antiques.
  4591 | D:5      | Bought a scroll of identify for 42 gold pieces
  4591 | D:5      | Bought a scroll of identify for 42 gold pieces
  4591 | D:5      | Bought a scroll labelled BYLORO JIPISSEFF for 21 gold
                  | pieces
  4591 | D:5      | Bought a scroll labelled PUR ZA KISIOW for 21 gold pieces
  4591 | D:5      | Bought a glowing granite ring for 105 gold pieces
  4593 | D:5      | Noticed a black bear
  4601 | D:5      | Killed a black bear
  4602 | D:5      | Reached skill level 5 in Stealth
  4602 | D:5      | Reached skill level 5 in Summonings
  4602 | D:5      | Gained mutation: You are covered in thick fur. (AC +2)
                  | [Felid growth]
  4602 | D:5      | Reached XP level 6. HP: 30/30 MP: 6/11
  4662 | D:5      | Reached skill level 1 in Fire Magic
  4834 | D:5      | Reached skill level 5 in Dodging
  4845 | D:5      | Reached XP level 7. HP: 23/35 MP: 5/13
  4936 | D:5      | Noticed Eustachio
  4948 | D:5      | Noticed a nameless horror
  5247 | D:4      | Noticed Pikel
  5252 | D:4      | Killed a nameless horror
  5268 | D:4      | Killed Pikel
  5269 | D:4      | Reached XP level 8. HP: 11/39 MP: 4/15
  5274 | D:4      | Learned a level 4 spell: Summon Lightning Spire
  5493 | D:5      | Killed Eustachio
  6442 | D:5      | Reached * piety under Kikubaaqudgha
  6442 | D:5      | Received a gift from Kikubaaqudgha
  6855 | D:5      | Found a sparkling altar of Nemelex Xobeh.
  7218 | D:6      | Reached skill level 1 in Air Magic
  7308 | D:6      | Found a glowing drain.
  7324 | Sewer    | Entered a sewer
  7584 | Sewer    | Reached ** piety under Kikubaaqudgha
  8534 | D:6      | Reached XP level 9. HP: 39/45 MP: 6/16
  9508 | D:7      | Reached *** piety under Kikubaaqudgha
  9508 | D:7      | Received a gift from Kikubaaqudgha
  9509 | D:7      | Reached skill level 5 in Spellcasting
  9656 | D:7      | Found a staircase to the Ecumenical Temple.
  9776 | D:7      | Noticed a two-headed ogre
  9780 | D:7      | Noticed a troll
  9786 | D:7      | Killed a two-headed ogre
  9787 | D:7      | Reached skill level 5 in Fire Magic
 10020 | D:7      | Found a stormy altar of Qazlal.
 10042 | D:7      | Found a bloodstained altar of Trog.
 10062 | D:7      | Noticed Menkaure
 10068 | D:7      | Killed Menkaure
 10217 | D:7      | Killed a troll
 10218 | D:7      | Reached XP level 10. HP: 51/51 MP: 15/19
 10423 | D:7      | Noticed a boulder beetle
 10441 | D:7      | Killed a boulder beetle
 10442 | D:7      | Reached skill level 5 in Fighting
 10800 | D:7      | Found an opulent altar of Gozag.
 11423 | D:8      | Reached **** piety under Kikubaaqudgha
 11424 | D:8      | Reached skill level 5 in Air Magic
 11429 | D:8      | Identified the +1 leather armour of Divine Intervention
                  | {rPois}
 11633 | D:8      | Found a staircase to the Lair.
 12015 | D:9      | Noticed a two-headed ogre
 12028 | D:9      | Killed a two-headed ogre
 12087 | D:9      | Noticed Maurice
 12133 | D:9      | Killed Maurice
 12134 | D:9      | Reached skill level 1 in Necromancy
 12136 | D:9      | Reached XP level 11. HP: 30/56 MP: 2/22
 12142 | D:9      | Found Vausmejez's Weapon Emporium.
 13338 | D:9      | Found Gompuill's Distillery.
 13459 | D:9      | Bought a potion of curing for 39 gold pieces
 13459 | D:9      | Bought a potion of curing for 39 gold pieces
 13459 | D:9      | Bought a potion of mutation for 104 gold pieces
 13514 | D:9      | Noticed a two-headed ogre
 13528 | D:9      | Killed a two-headed ogre
 13779 | D:9      | Reached skill level 2 in Necromancy
 13942 | D:9      | Found Leomuv's Assorted Antiques.
 14084 | D:9      | Bought a scroll labelled MYGIOXY JUHOPO for 31 gold pieces
 14084 | D:9      | Bought a scroll labelled MYGIOXY JUHOPO for 31 gold pieces
 14566 | D:10     | Entered Level 10 of the Dungeon
 14772 | D:10     | Reached skill level 10 in Stealth
 14889 | D:10     | Reached skill level 3 in Necromancy
 14902 | D:10     | Reached ***** piety under Kikubaaqudgha
 15107 | D:10     | Found a staircase to the Orcish Mines.
 15210 | D:10     | Noticed a two-headed ogre
 15231 | D:10     | Killed a two-headed ogre
 15593 | D:11     | Noticed a two-headed ogre
 15601 | D:11     | Killed a two-headed ogre
 15622 | D:11     | Noticed a white ugly thing
 15633 | D:11     | Killed a white ugly thing
 15634 | D:11     | Reached skill level 4 in Necromancy
 15792 | D:11     | Noticed a boulder beetle
 15803 | D:11     | Noticed a boulder beetle
 15811 | D:11     | Killed a boulder beetle
 15813 | D:11     | Reached skill level 10 in Dodging
 15814 | D:11     | Killed a boulder beetle
 15815 | D:11     | Gained mutation: Your thick and shaggy fur keeps you warm.
                  | (AC +3, rC+) [Felid growth]
 15815 | D:11     | Reached XP level 12. HP: 62/62 MP: 16/25
 15909 | D:11     | Noticed a two-headed ogre
 15920 | D:11     | Killed a two-headed ogre
 16051 | D:11     | Identified a scroll of acquirement
 16051 | D:11     | Acquired the amulet "Janust" {RegenMP rPois rC- rN+ Str+6}
 16234 | D:11     | You are sucked into a shaft and drop 2 floors!
 16271 | D:13     | Reached skill level 5 in Necromancy
 16277 | D:13     | Learned a level 4 spell: Animate Dead
 16282 | D:13     | Learned a level 4 spell: Anguish
 16387 | D:12     | Found a runed translucent gate.
 16387 | D:12     | Found a runed translucent gate.
 16403 | D:12     | Found a runed translucent gate.
 16404 | D:12     | Noticed a merfolk impaler
 16406 | D:12     | Found an iron altar of Okawaru.
 16406 | D:12     | Noticed ggggg's ghost (journeyman MiFi)
 17117 | D:12     | Reached skill level 6 in Necromancy
 17913 | D:13     | Noticed a centaur warrior
 17914 | D:13     | Noticed Snorg
 17945 | D:13     | Mangled by Snorg
 17945 | D:13     | Lost a life (1 life remaining)
 17955 | D:13     | Noticed a boulder beetle
 17971 | D:13     | Killed a boulder beetle
 17990 | D:13     | Noticed a centaur warrior
 18015 | D:13     | Killed a centaur warrior
 18016 | D:13     | Reached skill level 7 in Necromancy
 18370 | Lair:1   | Entered Level 1 of the Lair of Beasts
 18526 | Lair:1   | Reached skill level 10 in Spellcasting
 19215 | Lair:1   | Reached XP level 13. HP: 68/68 MP: 23/28
 19215 | Lair:1   | Gained a life (2 lives remaining)
 19247 | Lair:1   | Learned a level 6 spell: Death Channel
 19914 | Lair:2   | Found a staircase to the Shoals.
 20048 | Lair:2   | Reached skill level 8 in Necromancy
 20638 | Lair:2   | Found a staircase to the Snake Pit.
 21261 | Lair:3   | Noticed Urug
 21268 | Lair:3   | Killed Urug
 21292 | Lair:3   | Reached skill level 9 in Necromancy
 21334 | Lair:3   | Reached skill level 10 in Summonings
 22034 | Lair:4   | Reached skill level 10 in Necromancy
 22611 | Lair:5   | Entered Level 5 of the Lair of Beasts
 23177 | Lair:5   | Reached skill level 11 in Necromancy
 23193 | Lair:5   | Reached skill level 10 in Fighting
 23275 | Lair:5   | Found a viscous altar of Jiyva.
 23325 | Lair:5   | Found a staircase to the Slime Pits.
 23545 | Lair:5   | Reached XP level 14. HP: 77/77 MP: 29/29
 23561 | Lair:5   | Reached skill level 12 in Necromancy
 24717 | Orc:1    | Entered Level 1 of the Orcish Mines
 25079 | Orc:2    | Entered Level 2 of the Orcish Mines
 25093 | Orc:2    | Killed from afar by an orc priest
 25093 | Orc:2    | Lost a life (1 life remaining)
 25144 | Orc:2    | Reached skill level 13 in Necromancy
 25182 | Orc:2    | Noticed an orc warlord
 25188 | Orc:2    | Killed an orc warlord
 25459 | Orc:2    | Found Veggocw's General Store.
 25463 | Orc:2    | Found Rikh's Antique Armour Boutique.
 25481 | Orc:2    | Found Koceifown's Antique Weapon Boutique.
 25498 | Orc:2    | Found Fausagun's Jewellery Boutique.
 25528 | Orc:2    | Bought a scroll of poison for 64 gold pieces
 25545 | Orc:2    | Bought a +6 ring of intelligence for 396 gold pieces
 25583 | Orc:2    | Found Jasmiq's General Store.
 25647 | Orc:2    | Found a staircase to the Elven Halls.
 25755 | Orc:2    | Noticed an orc warlord
 25770 | Orc:2    | Killed an orc warlord
 25791 | Orc:2    | Found Riagoifa's Antique Armour Emporium.
 26044 | Orc:1    | Noticed Josephine
 26052 | Orc:1    | Killed Josephine
 26053 | Orc:1    | Reached skill level 14 in Necromancy
 26158 | Orc:1    | Noticed an orc warlord
 26175 | Orc:1    | Killed an orc warlord
 26539 | D:5      | Bought 2 potions of heal wounds for 210 gold pieces
 27133 | D:13     | Killed Snorg
 27507 | D:13     | Reached skill level 15 in Necromancy
 27621 | D:13     | Reached XP level 15. HP: 80/80 MP: 22/31
 27621 | D:13     | Gained a life (2 lives remaining)
 27774 | D:13     | Gained mutation: You occasionally lose the ability to read
                  | scrolls when taking damage. [a neqoxec]
 27810 | D:13     | Lost mutation: You occasionally lose the ability to read
                  | scrolls when taking damage. [potion of mutation]
 27810 | D:13     | Gained mutation: Your health recovers twice as slowly from
                  | being drained. [potion of mutation]
 27810 | D:13     | Gained mutation: Your muscles are strong. (Str +4, Int/Dex
                  | -1) [potion of mutation]
 27811 | D:13     | Lost mutation: Your health recovers twice as slowly from
                  | being drained. [potion of mutation]
 27811 | D:13     | Lost mutation: Your muscles are strong. (Str +4, Int/Dex
                  | -1) [potion of mutation]
 27811 | D:13     | Gained mutation: Your muscles are strong. (Str +4, Int/Dex
                  | -1) [potion of mutation]
 27811 | D:13     | Gained mutation: You are dopey. (Int -2) [potion of
                  | mutation]
 27811 | D:13     | Gained mutation: Your spells are a little harder to cast,
                  | but a little more powerful. [potion of mutation]
 27891 | D:13     | Identified the +3 long sword of Utzineta {venom, rElec
                  | MP+9}
 28187 | D:13     | Found a gate to the Vaults.
 28783 | D:14     | Noticed Kirke
 28880 | D:14     | Noticed Jorgrun
 28890 | D:14     | Mangled by a white ugly thing
 28890 | D:14     | Lost a life (1 life remaining)
 28924 | D:14     | Killed Jorgrun
 29283 | D:14     | Reached skill level 16 in Necromancy
 30203 | D:14     | Found a runed translucent door.
 30288 | D:14     | Killed Kirke
 30693 | D:14     | Noticed a fire giant
 30725 | D:15     | Entered Level 15 of the Dungeon
 31417 | D:15     | Found a staircase to the Depths.
 31647 | D:15     | Reached skill level 17 in Necromancy
 31957 | Snake:1  | Entered Level 1 of the Snake Pit
 31958 | Snake:1  | Found a bloodstained altar of Trog.
 31963 | Snake:1  | Identified the ring of the Scarab {Will++ rCorr Dex+2}
 32411 | Snake:1  | Reached skill level 18 in Necromancy
 32834 | Snake:1  | HP: 2/80 [salamander/+0 halberd (8)]
 33425 | Snake:2  | Found a blossoming altar of Fedhas.
 33475 | Snake:2  | Reached XP level 16. HP: 9/85 MP: 19/33
 33475 | Snake:2  | Gained a life (2 lives remaining)
 33507 | Snake:2  | HP: 3/85 [shock serpent/bolt of electricity (14)]
 33509 | Snake:2  | Killed from afar by a shock serpent
 33509 | Snake:2  | Lost a life (1 life remaining)
 33681 | Snake:2  | Noticed Asterion
 33796 | Snake:2  | Reached skill level 19 in Necromancy
 33933 | Snake:2  | Noticed Frances
 35087 | Snake:2  | Killed Frances
 35179 | Snake:2  | Killed Asterion
 35593 | Snake:3  | Succumbed to black mamba's concentrated venom
 35593 | Snake:3  | Lost a life (0 lives remaining)
 35780 | Snake:3  | Reached skill level 20 in Necromancy
 35903 | Snake:3  | Shot with a bolt by a naga sharpshooter

Illustrated notes

Levels and vault maps discovered:
D:1:      minmay_arrival_widening_spiral_wide, layout_loops_ring,
          dreamdust_princess_bridge, chequers_big_river
D:2:      layout_basic, nicolae_elevator_lobby_plus
D:3:      layout_basic, mainiacjoe_overflow_catwalk, uniq_robin
D:4:      layout_loops_ring, chequers_temple_overflow_minitemple, uniq_pikel
D:5:      layout_layer_cave, nemelex_spade_bored_becter, serial_shops,
          nicolae_shop_tiny_glass, serial_bayou_pond_b, uniq_eustachio
D:6:      layout_gridville, gup_sewer_entry_bubbles, st_stairs_1
D:7:      nzn_winding_woodlands_three_and_one
          [nzn_winding_woodlands_5x15_pathside_ponds,
          nzn_winding_woodlands_5x15_sidewinder,
          nzn_winding_woodlands_5x15_longhouse,
          nzn_winding_woodlands_center_diamonds], layout_basic,
          kennysheep_little_box, mainiacjoe_overflow_catch_the_wave,
          minmay_temple_entry_mist, minmay_crystal_room,
          minmay_misc_feat_nine_boxes, uniq_menkaure
D:8:      layout_basic, minmay_lair_entry_grove, hex_medium
D:9:      layout_irregular_city, serial_shops, shop,
          nicolae_shop_overgrown_old_shop, shop_coins, minivault_14,
          uniq_maurice
D:10:     layout_long_grid, david_orc_3
D:11:     layout_basic
D:12:     layout_loops_ring, gammafunk_ghost_fury_of_okawaru
D:13:     layout_stronghold, grunt_vaults_entry_tiered, serial_demonic,
          serial_demonic_c, serial_demonic_a, serial_demonic_a,
          serial_demonic_g, serial_demonic_b, serial_demonic_f,
          serial_demonic_a, uniq_snorg
D:14:     layout_long_grid, serial_bayou_pond_c, lightli_airlock, uniq_jorgrun,
          uniq_kirke
D:15:     hangedman_depths_entry_civil_slaughter, layout_basic,
          serial_park_square2, grunt_ministairs_1
Lair:1:   layout_layer_cave
Lair:2:   layout_regular_city, elwin_shoals_entry_rooms, dummy_snake_entry,
          serial_bayou_pond_e, serial_bayou_shore_a
Lair:3:   layout_loops_ring, hangedman_lair_unloving_vines, kennysheep_rathole,
          infiniplex_staircase_pool_2, uniq_urug
Lair:4:   layout_big_grid
Lair:5:   minmay_lair_end_enchanted_forest, layout_regular_city,
          minmay_slime_entry_pillars
Snake:1:  layout_onion, basic_altar
Snake:2:  layout_layer_cave, basic_altar, lemuel_fruit_tree, grunt_megastairs_5,
          uniq_asterion, uniq_frances
Snake:3:  layout_cave_town
Orc:1:    layout_diamond_mine, uniq_josephine
Orc:2:    grunt_orc_cross, layout_caves, serial_shops, nicolae_diamond_shop,
          shop

Skill      XL: |  1  2  3  4  5  6  7  8  9 10 11 12 13 14 15 16 |
---------------+-------------------------------------------------+-----
Stealth        | 3 4 5 6 7 8 9 10 | 10.0
Dodging        | 3 4 5 6 7 9 10 | 10.0
Spellcasting   | 3 4 5 7 8 10 11 12 | 12.0
Fighting       | 1 2 3 4 5 6 8 10 | 10.0
Summonings     | 5 6 7 8 9 10 | 10.0
Fire Magic     | 1 3 4 5 |  5.0
Air Magic      | 2 4 5 6 7 |  7.0
Necromancy     | 1 4 7 11 15 18 20 | 20.1

Action                     |  1- 3 |  4- 6 |  7- 9 | 10-12 | 13-15 | 16-18 || total
---------------------------+-------+-------+-------+-------+-------+-------++-------
  Melee: Unarmed           |    38 |    37 |   108 |    79 |   124 |    13 ||   399
         Punch             |     1 |       |     2 |     2 |     2 |       ||     7
         Bite              |     1 |     6 |    15 |    11 |    15 |     1 ||    49
   Cast: Summon Small Mamm |    31 |    31 |    59 |    17 |    21 |    13 ||   172
         Call Imp          |    23 |    24 |    34 |    17 |    22 |     9 ||   129
         Call Canine Famil |     5 |    11 |    26 |    21 |    22 |     6 ||    91
         Summon Blazeheart |       |     1 |    18 |    87 |    66 |     4 ||   176
         Summon Lightning  |       |       |     4 |    43 |    66 |    10 ||   123
         Anguish           |       |       |       |    24 |   200 |    52 ||   276
         Animate Dead      |       |       |       |     9 |    41 |     6 ||    56
         Death Channel     |       |       |       |       |    72 |    13 ||    85
 Invoke: Unearth Wretches  |       |       |       |       |    18 |     7 ||    25
  Evoke: Wand              |       |       |       |    18 |     4 |       ||    22
    Use: Scroll            |     3 |     1 |     7 |    11 |    17 |     3 ||    42
         Potion            |       |       |     4 |    14 |     9 |     3 ||    30
   Stab: Sleeping          |     2 |     3 |     1 |     3 |     2 |       ||    11
         Distracted        |     1 |     1 |     3 |       |     5 |       ||    10
         Invisible         |       |       |     2 |       |       |       ||     2
         Paralysed         |       |       |       |     3 |    18 |     7 ||    28
 Armour: Skin              |    22 |     8 |    73 |   137 |   162 |    31 ||   433
  Dodge: Dodged            |    43 |    35 |   212 |   351 |   375 |    30 ||  1046
